 Dungeon Crawl Stone Soup version 0.17.2-1-ge4368a0 (webtiles) character file.

5728 Goblin1989 the Cleaver (level 10, -2/84 HPs)
             Began as a Deep Dwarf Gladiator on Aug 18, 2016.
             Was an Elder of Makhleb.
             Slain by an orc warrior
             ... wielding a +0 trident
              (23 damage)
             ... on level 10 of the Dungeon.
             The game lasted 00:27:11 (6902 turns).

Goblin1989 the Cleaver (Deep Dwarf Gladiator)       Turns: 6902, Time: 00:27:11

Health: -2/84      AC:  6    Str: 22    XL:     10   Next: 48%
Magic:  12/12      EV: 15    Int:  9    God:    Makhleb [****..]
Gold:   290        SH:  0    Dex: 18    Spells: 1 memorised, 3 levels left

rFire  . . .     SeeInvis .     m - +0 battleaxe
rCold  + . .     Clarity  .     y - +1 leather armour of Salvation {rC+ rN+}
rNeg   + . .     SustAt   .     (shield currently unavailable)
rPois  +         Gourm    .     c - +0 helmet
rElec  .         Spirit   .     (no cloak)
rCorr  .         Warding  .     (no gloves)
rMut   .         Stasis   .     x - +0 pair of boots
MR     +....                    (no amulet)
Stlth  +.........               z - ring of poison resistance
                                v - +5 ring of dexterity

@: non-regenerating, somewhat resistant to hostile enchantments, very unstealthy
A: damage resistance, recharge devices, sense surroundings 2, slow regeneration
3
a: Device Recharging, Minor Destruction, Lesser Servant of Makhleb, Major
Destruction, Renounce Religion


You were on level 10 of the Dungeon.
You worshipped Makhleb.
Makhleb was greatly pleased with you.
You were not hungry.

You visited 2 branches of the dungeon, and saw 11 of its levels.
You also visited: Sewer.

You collected 290 gold pieces.

Inventory:

Hand Weapons
 m - a +0 battleaxe (weapon)
Missiles
 d - 5 throwing nets (quivered)
Armour
 c - a +0 helmet (worn)
 g - a +0 chain mail of fire resistance
 x - a +0 pair of boots (worn)
 y - the +1 leather armour of Salvation (worn) {rC+ rN+}
   (You found it on level 10 of the Dungeon)

   It protects you from cold.
   It protects you from negative energy.
Jewellery
 h - an uncursed ring of positive energy
 t - an uncursed ring of see invisible
 v - a +5 ring of dexterity (left hand)
 z - a ring of poison resistance (right hand)
Wands
 e - a wand of heal wounds (5)
Scrolls
 b - a scroll of amnesia {unknown}
 k - 2 scrolls of teleportation {unknown}
 l - 4 scrolls of remove curse
 n - 8 scrolls of identify
 p - a scroll of noise {unknown}
 r - 2 scrolls of fog
 s - a scroll of blinking {unknown}
 w - a scroll of silence {unknown}
Potions
 o - 2 potions of curing
 q - 4 potions of flight
 u - a potion of invisibility
Books
 i - a book of Enchantments

   Spells                             Type                      Level
   a - Cause Fear                     Hexes                        4
   b - Silence                        Hexes/Air                    5
   c - Deflect Missiles               Charms/Air                   6
   d - Haste                          Charms                       6
   e - Discord                        Hexes                        8
Comestibles
 a - 7 royal jellies
 f - 3 bread rations
 j - 2 beef jerkies


   Skills:
 + Level 3.2 Fighting
 * Level 13.1 Axes
 - Level 1.7 Throwing
 + Level 3.4 Armour
 + Level 4.8 Dodging
 + Level 2.9 Invocations
 - Level 10.5 Evocations


You had 3 spell levels left.
You knew the following spells:

 Your Spells              Type           Power        Failure   Level  Hunger
a - Haste                 Chrm           #.......     100%        6    #######


Dungeon Overview and Level Annotations

Branches:
Dungeon (10/15)            Temple (1/1) D:6
   Lair: D:8-11         Orc: D:9-12

Altars:
Ashenzari
Cheibriados
Dithmenos
Elyvilon
Fedhas
Gozag
Kikubaaqudgha
Makhleb
Nemelex Xobeh
Okawaru
Ru
Sif Muna
Trog
Vehumet
Xom
Yredelemnul
Zin
The Shining One

Shops:
D:4 !   D:5 [   D:8 [   D:9 (

Annotations:
D:8 Psyche
D:10 exclusion: ice statue, Goblin1989's ghost, novice DsMo


Innate Abilities, Weirdness & Mutations

You are resistant to damage.
You can recharge devices by infusing magical energy.
You passively map the area around you.
You do not regenerate naturally.


Message History

You hit the orc warrior but do no damage.
The orc warrior is almost dead.
The orc warrior hits you with a trident.
You take 3 damage, and have 29/84 hp.
You hit the orc warrior but do no damage.
The orc warrior is almost dead.
The orc warrior hits you with a trident!
* * * LOW HITPOINT WARNING * * *
Goblin1989's ghost (novice Demonspawn Monk) comes into view.
You take 8 damage, and have 21/84 hp.
Evoke which item? (* to show all) (? for menu, Esc to quit)
That item cannot be evoked!
Eat which item? (? for menu, Esc to quit)
Okay, then.
Evoke which item? (* to show all) (? for menu, Esc to quit)
Okay, then.
Charge which item? (? for menu, Esc to quit)
Your wand of heal wounds (0) glows for a moment and now has 5 charges.
The orc warrior hits you with a trident!!
You die...

#.#
#..
#.#
###
#.#
#.#
#.#
#(#
#.#
#.#
*
#@#
8
#o#
, ,
#o#
,,
,


o..o.ooo# , o.....lo# ,lo....W## , , , ..#...# * . ##8# * ## You could see an
orc warrior, an iguana, Goblin1989's ghost and 4 orcs.

Vanquished Creatures
  Josephine (D:10)
  The ghost of Goblin1989 the Cleaver, a novice DsGl of Ru (D:5)
  A queen bee (D:10)
  A wraith (D:10)
  The ghost of Gruesome the Gusty, an amateur DEAE (D:4)
  A deep elf mage (D:9)
  Edmund (D:4)
  4 orc warriors
  A water moccasin (D:7)
  A sky beast (D:7)
  4 ogres
  A black bear (D:6)
  An ice beast (D:5)
  2 phantoms
  A necrophage (D:9)
  A crocodile (D:7)
  2 centaurs
  2 big kobolds
  4 giant frogs
  3 scorpions
  3 wights (D:7)
  18 killer bees
  A giant frog zombie (D:8)
  4 crimson imps
  2 centaur skeletons
  2 iguanas
  2 orc priests (D:10)
  A centaur zombie (D:10)
  3 hounds
  2 orc wizards (D:10)
  Jessica (D:3)
  A giant frog skeleton (D:7)
  4 worker ants
  2 hound skeletons
  A hound zombie (D:7)
  A worker ant zombie (D:7)
  8 gnolls
  5 adders
  A shadow imp (D:4)
  2 oozes
  2 worms
  An adder zombie (D:7)
  8 giant geckos
  12 orcs
  5 bats
  6 giant cockroaches
  6 goblins
  14 hobgoblins
  10 jackals
  6 quokkas
  3 ball pythons
  3 giant gecko skeletons
  3 giant newts
  11 kobolds
  9 rats
197 creatures vanquished.

Vanquished Creatures (collateral kills)
  A killer bee (D:10)
1 creature vanquished.

Vanquished Creatures (others)
  An orc wizard (D:10)
1 creature vanquished.

Grand Total: 199 creatures vanquished

Notes
Turn   | Place    | Note
--------------------------------------------------------------
     0 | D:1      | Goblin1989 the Deep Dwarf Gladiator began the quest for the Orb.
     0 | D:1      | Reached XP level 1. HP: 19/19 MP: 1/1
   116 | D:1      | Reached XP level 2. HP: 21/26 MP: 2/2
   119 | D:1      | Reached skill level 1 in Evocations
   238 | D:1      | Reached skill level 4 in Axes
   661 | D:2      | Reached XP level 3. HP: 12/32 MP: 4/4
   743 | D:2      | Found a shadowy altar of Dithmenos.
   980 | D:2      | Found an ancient bone altar of Kikubaaqudgha.
  1185 | D:3      | Found a glowing drain.
  1192 | D:3      | Reached XP level 4. HP: 28/39 MP: 5/5
  1193 | D:3      | Reached skill level 5 in Axes
  1200 | Sewer    | Entered a sewer
  1252 | Sewer    | Noticed a big kobold
  1267 | Sewer    | Killed a big kobold
  1267 | Sewer    | Reached XP level 5. HP: 24/45 MP: 5/7
  1291 | Sewer    | Found a white marble altar of Elyvilon.
  1458 | D:4      | Found Zebb's Distillery.
  1480 | D:4      | Noticed Edmund
  1507 | D:4      | Killed Edmund
  1507 | D:4      | Reached skill level 6 in Axes
  1507 | D:4      | Reached XP level 6. HP: 40/52 MP: 7/9
  1647 | D:4      | Noticed Gruesome's ghost (amateur DEAE)
  1663 | D:4      | Killed Gruesome's ghost
  1663 | D:4      | Reached skill level 7 in Axes
  1663 | D:4      | Reached skill level 5 in Evocations
  1663 | D:4      | Reached XP level 7. HP: 37/58 MP: 10/10
  1915 | D:5      | Entered Level 5 of the Dungeon
  1940 | D:5      | Found a shattered altar of Ashenzari.
  1942 | D:5      | Found a blossoming altar of Fedhas.
  1943 | D:5      | Found a shimmering altar of Xom.
  2067 | D:6      | Found a staircase to the Ecumenical Temple.
  2075 | Temple   | Entered the Ecumenical Temple
  2241 | Temple   | Became a worshipper of Makhleb the Destroyer
  2348 | D:6      | Reached skill level 8 in Axes
  2721 | D:5      | Noticed Goblin1989's ghost (novice DsGl)
  3062 | D:3      | Noticed Jessica
  3072 | D:3      | Killed Jessica
  3072 | D:3      | Reached * piety under Makhleb
  3619 | D:5      | Reached skill level 9 in Axes
  3619 | D:5      | Reached XP level 8. HP: 44/66 MP: 13/13
  3781 | D:7      | Learned a level 6 spell: Haste
  3938 | D:7      | Reached skill level 10 in Axes
  4024 | D:7      | Reached ** piety under Makhleb
  4362 | D:8      | Noticed Psyche
  4580 | D:8      | Gained mutation: You passively map the area around you. [Deep Dwarf growth]
  4580 | D:8      | Reached XP level 9. HP: 42/73 MP: 15/15
  4594 | D:8      | Found Qiohi's Armour Emporium.
  4883 | D:5      | Reached skill level 11 in Axes
  4939 | D:5      | Killed Goblin1989's ghost
  5107 | D:5      | Found Sayrhaun's Antique Armour Shoppe.
  5722 | D:9      | Found Baxeapt's Antique Weapon Shop.
  5841 | D:9      | Reached skill level 12 in Axes
  5894 | D:9      | Reached skill level 10 in Evocations
  6247 | D:10     | Entered Level 10 of the Dungeon
  6258 | D:10     | Reached *** piety under Makhleb
  6330 | D:10     | Reached skill level 1 in Armour
  6442 | D:10     | Reached XP level 10. HP: 62/80 MP: 14/14
  6505 | D:10     | Reached **** piety under Makhleb
  6599 | D:10     | Noticed Josephine
  6646 | D:10     | Killed Josephine
  6647 | D:10     | Reached skill level 13 in Axes
  6750 | D:10     | Noticed an ice statue
  6822 | D:10     | Got a transparent leather armour
  6838 | D:10     | Identified the +1 leather armour of Salvation {rC+ rN+} (You found it on level 10 of the Dungeon)
  6902 | D:10     | Noticed Goblin1989's ghost (novice DsMo)
  6902 | D:10     | Slain by an orc warrior

Action                   |  1- 3 |  4- 6 |  7- 9 | 10-12 || total
-------------------------+-------+-------+-------+-------++-------
Melee: War axe           |   131 |    97 |   356 |       ||   584
       Battleaxe         |       |       |   229 |   101 ||   330
Invok: Lesser Servant of |       |       |       |     1 ||     1
 Abil: Device Recharging |       |       |     3 |     2 ||     5
Evoke: Wand              |     2 |     5 |    25 |     7 ||    39
  Use: Scroll            |     6 |     1 |     4 |       ||    11
       Potion            |       |     2 |     4 |       ||     6
 Stab: Sleeping          |     2 |       |       |       ||     2
       Invisible         |       |       |    10 |       ||    10
  Eat: Chunk             |     1 |     2 |     7 |       ||    10
       Fruit             |       |       |     6 |       ||     6
       Pizza             |       |       |     1 |       ||     1
       Beef jerky        |       |       |     1 |       ||     1
       Meat ration       |       |       |       |     1 ||     1
